[Event "WJCC U20 Open 2019"]
[Site "New Delhi"]
[Date "2019.10.16"]
[Round "2.26"]
[White "Wagh Suyog"]
[Black "Raja Harshit"]
[Result "1/2-1/2"]
[ECO "E10"]
[WhiteElo "2229"]
[BlackElo "2440"]
[Annotator "NA"]
[PlyCount "170"]
[EventDate "2019.10.15"]
[EventType "swiss"]
[EventCountry "IND"]
[SourceTitle "playchess.com"]
[Source "ChessBase"]
[SourceQuality "1"]
[TimeControl "40/5400+30:1800+30"]

1. d4 Nf6 2. c4 e6 3. Nf3 c5 4. e3 cxd4 5. Nxd4 Be7 6. Nc3 O-O 7. Be2 a6 8. O-O Qc7 9. Bd2 Nc6 10. Rc1 Rd8 11. Qc2 Ne5 12. Ne4 d6 13. b3 Bd7 14. Nxf6+ Bxf6 15. Bc3 Ng6 16. Rfd1 Rac8 17. Qd2 Be8 $14 18. a4 Ne7 19. Ba5 b6 20. Bb4 Qb8 21. Bf3 Nc6 22. Nxc6 Bxc6 23. Bxd6 Bxf3 24. gxf3 Qb7 25. Qe2 Be7 26. Bg3 h5 27. h3 h4 28. Bh2 Bc5 29. Rxd8+ Rxd8 30. Rd1 Qe7 31. Rxd8+ Qxd8 32. Kf1 Qd7 33. Kg2 Qd8 34. Qc2 a5 35. Bf4 e5 36. Bh2 Qd6 37. Qe4 f6 38. f4 exf4 39. Bxf4 Qf8 40. Qd5+ Kh7 41. Qh5+ Kg8 42. Bh2 f5 43. Qxh4 Qa8+ 44. Kg1 Qf3 45. Qd8+ Kh7 46. Qd5 Qxh3 47. Be5 Qg4+ 48. Kf1 Qh5 49. Bc3 Qg4 50. Ke1 Qg1+ 51. Ke2 Qb1 52. Qd1 Qe4 53. Kd2 Kg8 54. Qg1 Bf8 55. Qg6 Qf3 56. Ke1 Qh1+ 57. Kd2 Qf3 58. Qg3 Qe4 59. Qg1 Qf3 60. Qf1 Bc5 61. Qe2 Qg2 62. Kc2 Bf8 63. Kb2 Bc5 64. Kc2 Bf8 65. Kb2 Bc5 66. Bd4 Kf8 67. Qd2 Ke8 68. Bc3 g5 69. Bd4 g4 70. Bxc5 bxc5 71. Kc3 Qf1 72. Qc2 Qa1+ 73. Kd2 Qe5 74. Ke2 Ke7 75. Kf1 Kf6 76. Qd2 Qc7 77. e4 fxe4 78. Qh6+ Kf5 79. Qh5+ Kf6 80. Qxg4 Qe5 81. Kg2 Qf5 82. Qg3 Qg5 83. Kf1 Qc1+ 84. Kg2 Qg5 85. Kh3 Qxg3+ 1/2-1/2

[Event "WJCC U20 Open 2019"]
[Site "New Delhi"]
[Date "2019.10.16"]
[Round "2.27"]
[White "Murzin, Volodar"]
[Black "Doluweera, Minul Sanjula"]
[Result "1-0"]
[ECO "B38"]
[WhiteElo "2433"]
[BlackElo "2191"]
[Annotator "RC"]
[PlyCount "45"]
[EventDate "2019.10.15"]
[EventType "swiss"]
[EventCountry "IND"]
[SourceTitle "playchess.com"]
[Source "ChessBase"]
[SourceQuality "1"]
[TimeControl "40/5400+30:1800+30"]

1. e4 c5 2. Nf3 g6 3. d4 cxd4 4. Nxd4 Bg7 5. c4 Nc6 6. Be3 Nf6 7. Nc3 Nxd4 8. Bxd4 d6 9. Be2 O-O 10. O-O a5 11. b3 Bd7 12. Qd2 Bc6 13. Bd3 Nd7 14. Bxg7 Kxg7 15. Rae1 Nc5 16. Bc2 Qb6 17. Re3 h5 18. Nd5 Bxd5 19. exd5 e5 20. dxe6 fxe6 21. Rg3 Rf6 22. Qg5 Nd7 23. Bxg6 1-0

[Event "WJCC U20 Open 2019"]
[Site "New Delhi"]
[Date "2019.10.16"]
[Round "2.28"]
[White "Davtyan, Artur"]
[Black "Lama, Milan"]
[Result "1-0"]
[ECO "D25"]
[WhiteElo "2418"]
[BlackElo "1976"]
[Annotator "NA RC"]
[PlyCount "85"]
[EventDate "2019.10.15"]
[EventType "swiss"]
[EventCountry "IND"]
[SourceTitle "playchess.com"]
[Source "ChessBase"]
[SourceQuality "1"]
[TimeControl "40/5400+30:1800+30"]

1. d4 d5 2. Nf3 Nf6 3. c4 dxc4 4. e3 Bg4 5. Bxc4 e6 6. Nc3 a6 7. h3 Bh5 8. O-O Nc6 9. Re1 {[%emt 0:00:14] D22: Queen's Gambit Accepted: 3 Nf3 a6 4 e3} (9. Be2 Bd6 10. Nd2 Bxe2 11. Qxe2 O-O 12. Nf3 e5 13. d5 Ne7 14. e4 Ng6 15. Be3 Nd7 16. Nd2 Qe7 17. a3 f5 18. exf5 Rxf5 {1-0 (97) Yu,Y (2764)-Alekseenko,K (2638) St Petersburg 2018}) 9... Bb4 10. Bd2 O-O 11. a3 $146 ({Predecessor:} 11. e4 Nxd4 12. Re3 Nxf3+ 13. gxf3 Qe7 14. e5 Nd7 15. a3 {0-1 (22) Croitoru,C (401)-Catricicau,C (792) Voineasa 2008}) 11... Bxc3 12. Bxc3 Ne4 13. Bd3 Ng5 14. Be2 Nxf3+ 15. Bxf3 Bxf3 16. Qxf3 Rb8 17. Rac1 Ne7 18. Qg3 Nd5 19. Ba5 Rc8 20. e4 Nb6 21. Rc5 Na8 22. Rg5 g6 23. Bc3 Qd7 24. d5 f6 25. dxe6 Qe7 26. Rd5 (26. Rg4 $142) 26... Nb6 27. Rd4 Qxe6 28. f4 $16 Rfd8 29. f5 Qf7 30. fxg6 hxg6 31. Rxd8+ Rxd8 32. Rf1 Rd6 33. e5 Re6 34. exf6 Nd5 35. Be5 c6 36. h4 Kf8 37. Bd6+ Ke8 38. Be7 Kd7 39. Qb8 Nxe7 40. Qxb7+ Kd6 41. fxe7 Qxe7 42. Rd1+ Ke5 43. Qxe7 {[%emt 0:00:07] Kd5} 1-0

[Event "WJCC U20 Open 2019"]
[Site "New Delhi"]
[Date "2019.10.16"]
[Round "2.29"]
[White "Di Benedetto, Edoardo"]
[Black "Vatsal Singhania"]
[Result "1/2-1/2"]
[ECO "E48"]
[WhiteElo "2401"]
[BlackElo "2157"]
[Annotator "NA"]
[PlyCount "95"]
[EventDate "2019.10.15"]
[EventType "swiss"]
[EventCountry "IND"]
[SourceTitle "playchess.com"]
[Source "ChessBase"]
[SourceQuality "1"]
[TimeControl "40/5400+30:1800+30"]

1. d4 Nf6 2. c4 e6 3. Nc3 Bb4 4. e3 O-O 5. Bd3 d5 6. cxd5 exd5 7. Nge2 Bd6 8. Nb5 Be7 9. O-O Re8 10. Nf4 c6 11. Nc3 Nbd7 12. f3 Nf8 13. Bc2 Bb4 14. Re1 Ba5 15. h3 Bb6 16. Nfe2 Ng6 17. Kh1 Be6 18. e4 dxe4 19. fxe4 Qd7 20. Qd3 Rad8 21. Rd1 Qe7 22. Qf3 Bc4 23. Bg5 h6 24. Bxf6 Qxf6 25. Qxf6 gxf6 26. Bd3 Be6 27. d5 cxd5 28. Bb5 Re7 29. exd5 Bd7 30. Bxd7 Rdxd7 31. Rf1 Kg7 32. Ng3 Re5 33. Nge4 f5 34. Ng3 f4 35. Nge4 f5 36. Nf2 Bd4 37. Nd3 Bxc3 38. bxc3 Rexd5 39. Nxf4 Nxf4 40. Rxf4 Rd1+ 41. Rxd1 Rxd1+ 42. Kh2 Kg6 43. Rb4 Rd7 44. Ra4 a6 45. Rb4 b5 46. a4 Rc7 47. axb5 axb5 48. Rxb5 1/2-1/2

[Event "WJCC U20 Open 2019"]
[Site "New Delhi"]
[Date "2019.10.16"]
[Round "2.35"]
[White "Muradli, Mahammad"]
[Black "Raahul V S"]
[Result "1-0"]
[ECO "D91"]
[WhiteElo "2459"]
[BlackElo "2262"]
[Annotator "ChessBase"]
[PlyCount "83"]
[EventDate "2019.10.15"]
[EventType "swiss"]
[EventCountry "IND"]
[SourceTitle "playchess.com"]
[Source "ChessBase"]
[SourceQuality "1"]
[TimeControl "40/5400+30:1800+30"]

1. d4 Nf6 2. c4 g6 3. Nc3 d5 4. Bg5 Bg7 5. Nf3 Ne4 6. Bf4 Nxc3 7. bxc3 O-O 8. cxd5 Qxd5 9. e3 c5 10. Be2 cxd4 11. cxd4 Nc6 12. O-O Bg4 13. Rb1 Qxa2 14. Rxb7 e5 15. dxe5 Rfd8 16. Qe1 Rac8 17. h3 Bxf3 18. Bxf3 Nxe5 19. Be4 Nc4 20. Qb1 Qa6 21. Rd1 Nd2 22. Qb4 Qc4 23. Qxc4 Nxc4 24. Rxd8+ Rxd8 25. Bd5 Ne5 26. e4 a5 27. Ra7 Nd3 28. Be3 Bc3 29. Bxf7+ Kh8 30. Bd5 Rb8 31. g4 Rf8 32. g5 Be5 33. Rxa5 Nf4 34. h4 Rb8 35. Ba2 Nd3 36. Rxe5 Nxe5 37. Bd4 Rb5 38. Bd5 h6 39. Bxe5+ Kh7 40. gxh6 Kxh6 41. Kg2 Kh5 42. Bg3 1-0

[Event "WJCC U20 Open 2019"]
[Site "New Delhi"]
[Date "2019.10.16"]
[Round "2.41"]
[White "Maltezeanu, Stefan"]
[Black "Parkhov, Yair"]
[Result "0-1"]
[ECO "B06"]
[WhiteElo "2102"]
[BlackElo "2350"]
[Annotator "NA"]
[PlyCount "42"]
[EventDate "2019.10.15"]
[EventType "swiss"]
[EventCountry "IND"]
[SourceTitle "playchess.com"]
[Source "ChessBase"]
[SourceQuality "1"]
[TimeControl "40/5400+30:1800+30"]

1. e4 g6 2. d4 Bg7 3. Be3 d6 4. Nf3 a6 5. Qd2 Nd7 6. Nc3 b5 7. a4 b4 8. Nd5 a5 $11 9. O-O-O e6 10. Nf4 Nb6 11. b3 Nf6 12. Bd3 Bb7 13. d5 exd5 14. Bxb6 O-O 15. e5 cxb6 16. exf6 Qxf6 17. c4 Qa1+ 18. Bb1 Qa3+ 19. Kc2 dxc4 20. Qc1 Qxb3+ 21. Kd2 Rfe8 0-1

[Event "WJCC U20 Open 2019"]
[Site "New Delhi"]
[Date "2019.10.16"]
[Round "2.43"]
[White "Licheli, Luka"]
[Black "Miciano, John Marvin"]
[Result "1-0"]
[ECO "B10"]
[WhiteElo "2010"]
[BlackElo "2345"]
[Annotator "NA"]
[PlyCount "103"]
[EventDate "2019.10.15"]
[EventType "swiss"]
[EventCountry "IND"]
[SourceTitle "playchess.com"]
[Source "ChessBase"]
[SourceQuality "1"]
[TimeControl "40/5400+30:1800+30"]

1. e4 c6 2. d3 d5 3. Nd2 e5 4. Ngf3 Bd6 5. Qe2 Qe7 6. d4 {[%emt 0:02:24] B10: Caro-Kann: 2 d3 and 2 c4} exd4 7. exd5 cxd5 8. Nxd4 Nc6 9. Qxe7+ Ngxe7 10. N2b3 (10. N2f3 Nxd4 11. Nxd4 Nf5 12. Bb5+ Ke7 13. Ne2 Rd8 14. Bg5+ {½-½ (31) Tiviakov,S (2655)-Timman,J (2566) Wijk aan Zee 2013}) 10... O-O 11. Be3 Bg4 12. h3 Bh5 13. Nb5 $146 ({Predecessor:} 13. Nxc6 Nxc6 {1-0 (47) Gavrilov,A (2438)-Kharitonov,A (2345) St Petersburg 2001}) 13... Be5 14. f4 Nf5 15. Kf2 Nxe3 16. Kxe3 d4+ 17. Kf2 Bxf4 18. N5xd4 Nxd4 19. Nxd4 Rad8 20. Nf3 Bg6 21. c3 Rfe8 22. Bb5 Re6 23. Rad1 Red6 24. Rxd6 Bxd6 25. Re1 Kf8 26. Nd4 a6 27. Ba4 Bc7 28. Bd1 b5 29. a3 Bb6 30. Ke3 Be4 31. Re2 Bd5 32. Rd2 g6 33. Bf3 f5 34. Kf4 Kf7 35. Bxd5+ Rxd5 36. Nf3 Rxd2 37. Nxd2 Kf6 38. b4 g5+ 39. Kf3 Ke5 40. a4 bxa4 41. Nc4+ Ke6 42. Ke2 Bc7 43. Kd3 h5 44. Kc2 Kd5 45. Kd3 f4 46. Nd2 g4 $19 47. hxg4 hxg4 48. c4+ Kc6 49. Kd4 f3 50. gxf3 g3 51. Ke3 Bf4+ 52. Kd4 1-0

[Event "WJCC U20 Open 2019"]
[Site "New Delhi"]
[Date "2019.10.17"]
[Round "3.8"]
[White "Harsha Bharathakoti"]
[Black "Davtyan, Artur"]
[Result "1/2-1/2"]
[ECO "E04"]
[WhiteElo "2530"]
[BlackElo "2418"]
[Annotator "ChessBase"]
[PlyCount "83"]
[EventDate "2019.10.15"]
[EventType "swiss"]
[EventCountry "IND"]
[SourceTitle "playchess.com"]
[Source "ChessBase"]
[SourceQuality "1"]
[TimeControl "40/5400+30:1800+30"]

1. d4 d5 2. c4 e6 3. Nf3 Nf6 4. g3 dxc4 5. Bg2 Nc6 6. Qa4 Bb4+ 7. Bd2 Nd5 8. Bxb4 Ndxb4 9. Nc3 Bd7 10. O-O a5 11. Qd1 O-O 12. e3 a4 13. Nxa4 Nxd4 14. Qxd4 Bxa4 15. Qxc4 Qe7 16. Rfc1 Rfc8 17. a3 Nd5 18. Nd4 Nb6 19. Qb4 Qxb4 20. axb4 Rab8 21. b5 c5 22. bxc6 Bxc6 23. Nxc6 bxc6 24. Bxc6 Kf8 25. Bg2 Kg8 26. Bc6 Kf8 27. b4 Rc7 28. b5 Nc8 29. Rd1 Ke7 30. Ra8 Rb6 31. Rda1 Kf6 32. R1a6 Rxa6 33. Rxa6 Na7 34. Be8 Rb7 35. Bc6 Nxc6 36. bxc6 Rc7 37. f4 Ke7 38. e4 e5 39. Kg2 exf4 40. gxf4 Kd6 41. e5+ Kd5 42. Kf3 {[%emt 0:01:40] Kxe5 Ke4+} 1/2-1/2

[Event "WJCC U20 Open 2019"]
[Site "New Delhi"]
[Date "2019.10.17"]
[Round "3.10"]
[White "Lobanov, Sergei"]
[Black "Anuj Shrivatri"]
[Result "1/2-1/2"]
[ECO "B48"]
[WhiteElo "2516"]
[BlackElo "2390"]
[Annotator "ChessBase"]
[PlyCount "58"]
[EventDate "2019.10.15"]
[EventType "swiss"]
[EventCountry "IND"]
[SourceTitle "playchess.com"]
[Source "ChessBase"]
[SourceQuality "1"]
[TimeControl "40/5400+30:1800+30"]

1. e4 c5 2. Nf3 e6 3. d4 cxd4 4. Nxd4 Nc6 5. Nc3 Qc7 6. Be3 a6 7. Qd2 Nf6 8. O-O-O Bb4 9. f3 Ne5 10. a3 Bxc3 11. Qxc3 Qxc3 12. bxc3 d5 13. exd5 Nxd5 14. Bd2 b5 15. f4 Nc4 16. Bxc4 bxc4 17. Rhe1 O-O 18. g4 Bd7 19. f5 Rfe8 20. fxe6 Bxe6 21. Re5 Bxg4 22. Rxd5 Bxd1 23. Kxd1 Re4 24. Be1 g6 25. Rc5 Rb8 26. Bg3 Rb1+ 27. Kd2 h5 28. Be5 f6 29. Bxf6 Rf1 1/2-1/2

[Event "WJCC U20 Open 2019"]
[Site "New Delhi"]
[Date "2019.10.17"]
[Round "3.13"]
[White "Sankalp Gupta"]
[Black "Janik, Igor"]
[Result "1/2-1/2"]
[ECO "A47"]
[WhiteElo "2369"]
[BlackElo "2467"]
[Annotator "ChessBase"]
[PlyCount "82"]
[EventDate "2019.10.15"]
[EventType "swiss"]
[EventCountry "IND"]
[SourceTitle "playchess.com"]
[Source "ChessBase"]
[SourceQuality "1"]
[TimeControl "40/5400+30:1800+30"]

1. d4 Nf6 2. Nf3 b6 3. Bf4 Bb7 4. e3 Nh5 5. Bg5 h6 6. Bh4 g5 7. Bg3 d6 8. Nbd2 Bg7 9. c3 Nd7 10. Bd3 e6 11. e4 O-O 12. Ng1 Ndf6 13. Ne2 e5 14. dxe5 dxe5 15. Qc2 Qe7 16. f3 c5 17. Nf1 Nf4 18. Ne3 c4 19. Bxc4 Qc5 20. Bf2 Nxg2+ 21. Nxg2 Qxc4 22. Ne3 Qe6 23. h3 Rfd8 24. Ng3 Ba6 25. Qa4 b5 26. Qb3 Qc6 27. O-O Bc8 28. Ngf5 Bf8 29. Qc2 Nh5 30. Rad1 Re8 31. Kh2 Bc5 32. Bg3 Bxe3 33. Nxe3 f6 34. Rd3 Be6 35. Rfd1 Kf7 36. Rd6 Qc7 37. Ng4 Nxg3 38. Kxg3 h5 39. Ne3 Rad8 40. Qd3 h4+ 41. Kg2 Rxd6 1/2-1/2

[Event "WJCC U20 Open 2019"]
[Site "New Delhi"]
[Date "2019.10.17"]
[Round "3.15"]
[White "Batsuren, Dambasuren"]
[Black "Winkelman, Albert"]
[Result "1-0"]
[ECO "E35"]
[WhiteElo "2454"]
[BlackElo "2143"]
[Annotator "ChessBase"]
[PlyCount "62"]
[EventDate "2019.10.15"]
[EventType "swiss"]
[EventCountry "IND"]
[SourceTitle "playchess.com"]
[Source "ChessBase"]
[SourceQuality "1"]
[TimeControl "40/5400+30:1800+30"]

1. d4 Nf6 2. c4 e6 3. Nc3 Bb4 4. Qc2 d5 5. cxd5 exd5 6. Bg5 h6 7. Bh4 c5 8. dxc5 g5 9. Bg3 Ne4 10. e3 Qa5 11. Rc1 Bxc3+ 12. bxc3 Nd7 13. Nf3 Ndxc5 14. Nd4 Bd7 15. Be2 Na4 16. O-O Naxc3 17. Be5 Nxe2+ 18. Qxe2 O-O 19. Rc7 Rae8 20. Rxd7 Rxe5 21. Rxb7 Qc3 22. Rd1 Qc8 23. Qb2 Nd6 24. Rxa7 Nc4 25. Qb3 Qg4 26. h3 Qh5 27. Nc6 Re6 28. Ne7+ Kh8 29. Nxd5 Ne5 30. Qc3 g4 31. hxg4 Qxg4 1-0

[Event "WJCC U20 Open 2019"]
[Site "New Delhi"]
[Date "2019.10.17"]
[Round "3.18"]
[White "Pogosyan, Stefan"]
[Black "Gazik, Viktor"]
[Result "1/2-1/2"]
[ECO "A40"]
[WhiteElo "2364"]
[BlackElo "2546"]
[Annotator "RC"]
[PlyCount "198"]
[EventDate "2019.10.15"]
[EventType "swiss"]
[EventCountry "IND"]
[SourceTitle "playchess.com"]
[Source "ChessBase"]
[SourceQuality "1"]
[TimeControl "40/5400+30:1800+30"]

1. d4 Nc6 2. Nf3 d6 3. e4 g6 4. Nc3 Bg7 5. h3 Nf6 6. Be2 O-O 7. O-O a6 8. a4 b6 9. d5 Nb4 10. Bc4 Bb7 11. Be3 c6 12. Qd2 Rc8 13. Bb3 cxd5 14. exd5 Rxc3 15. Qxc3 Nfxd5 16. Qd2 Bxb2 17. Bxd5 Nxd5 18. Rab1 Ba3 19. Bh6 Re8 20. a5 Bc5 21. c4 Nf6 22. axb6 Bxf3 23. b7 Qc7 24. gxf3 Rb8 25. Rb2 Nd7 26. Ra1 Ne5 27. Rb3 Rxb7 28. Qb2 Rxb3 29. Qxb3 f6 30. Bf4 a5 31. Bxe5 fxe5 32. Qb5 Bb4 33. Kg2 Kg7 34. Ra2 Qc8 35. Re2 Qf5 36. h4 h5 37. Re4 Kf7 38. Qd5+ Qe6 39. f4 Qxd5 40. cxd5 exf4 41. Rxf4+ Ke8 42. Re4 Bc5 43. f4 Kf7 44. Kf3 Bb4 45. Re6 Bc3 46. Re3 Bd4 47. Re4 Bc5 48. Kg3 Ke8 49. Kf3 Kd7 50. Ke2 Ke8 51. Kf3 Kd8 52. Ke2 Kd7 53. Re6 a4 54. Kd3 Bf2 55. Rxg6 Bxh4 56. Rg2 e6 57. Ke4 Ke7 58. dxe6 Kxe6 59. Ra2 d5+ 60. Kf3 Bf6 61. Rxa4 Kf5 62. Ra6 Be7 63. Rh6 h4 64. Rh5+ Ke6 65. Kg4 Bf6 66. Kf3 Kd6 67. Rh6 Ke6 68. Kg4 d4 69. Kf3 Kf5 70. Rh5+ Kg6 71. Rb5 Kf7 72. Ke4 Kg6 73. Rb6 Kg7 74. Kf5 Be7 75. Rb7 Kf7 76. Ke5 h3 77. Rb3 h2 78. Rh3 d3 79. Rh7+ Kg6 80. Rxh2 Bb4 81. Rh3 d2 82. Rd3 Bc3+ 83. Ke6 Kh5 84. Kf5 Kh4 85. Ke4 Kg4 86. Rd5 Kg3 87. Ke3 Bb4 88. Rg5+ Kh4 89. Rd5 Kg4 90. Rd8 Kf5 91. Rd5+ Kg4 92. Rd8 Kf5 93. Kf3 Ke6 94. Rd3 Kf5 95. Rd5+ Ke6 96. Ke4 Kf6 97. f5 Bc3 98. Ke3 d1=Q 99. Rxd1 Kxf5 1/2-1/2

[Event "WJCC U20 Open 2019"]
[Site "New Delhi"]
[Date "2019.10.17"]
[Round "3.22"]
[White "Miciano, John Marvin"]
[Black "Muradli, Mahammad"]
[Result "1-0"]
[ECO "A05"]
[WhiteElo "2345"]
[BlackElo "2459"]
[Annotator "ChessBase"]
[PlyCount "59"]
[EventDate "2019.10.15"]
[EventType "swiss"]
[EventCountry "IND"]
[SourceTitle "playchess.com"]
[Source "ChessBase"]
[SourceQuality "1"]
[TimeControl "40/5400+30:1800+30"]

1. Nf3 Nf6 2. g3 g6 3. c4 Bg7 4. Bg2 c6 5. O-O O-O 6. b3 c5 7. Bb2 Nc6 8. d4 d5 9. Nbd2 dxc4 10. Nxc4 Be6 11. Rc1 Bxc4 12. Rxc4 Nd7 13. Qa1 Qb6 14. dxc5 Bxb2 15. Qxb2 Nxc5 16. Ng5 h6 17. Rh4 Rfd8 18. Nf3 h5 19. g4 Rd5 20. gxh5 Rxh5 21. Rxh5 gxh5 22. Qc1 Ne4 23. Qf4 Nf6 24. Kh1 Qb4 25. Qg5+ Kh7 26. Bh3 Rg8 27. Bf5+ Rg6 28. Rg1 Ng4 29. Qxh5+ Kg7 30. Rxg4 1-0

[Event "WJCC U20 Open 2019"]
[Site "New Delhi"]
[Date "2019.10.17"]
[Round "3.26"]
[White "Saurabh Anand"]
[Black "Bharath Subramaniyam H"]
[Result "1/2-1/2"]
[ECO "B30"]
[WhiteElo "2236"]
[BlackElo "2417"]
[Annotator "ChessBase"]
[PlyCount "89"]
[EventDate "2019.10.15"]
[EventType "swiss"]
[EventCountry "IND"]
[SourceTitle "playchess.com"]
[Source "ChessBase"]
[SourceQuality "1"]
[TimeControl "40/5400+30:1800+30"]

1. e4 c5 2. Nf3 Nc6 3. Nc3 d6 4. d4 cxd4 5. Nxd4 e5 6. Nf3 Nf6 7. Bg5 Be7 8. Bxf6 Bxf6 9. Nd5 O-O 10. Bc4 Be6 11. O-O Rc8 12. Bb3 Bg5 13. Qe2 Bh6 14. Rfd1 Kh8 15. c3 f5 16. exf5 Bxf5 17. Bc2 g6 18. Be4 Qd7 19. Nd2 Ne7 20. Nc4 Nxd5 21. Bxf5 Nf4 22. Bxd7 Nxe2+ 23. Kf1 Rxc4 24. Kxe2 Re4+ 25. Kf1 Ref4 26. f3 e4 27. Rxd6 exf3 28. g3 Re4 29. Re1 Rxe1+ 30. Kxe1 Bc1 31. b3 Ba3 32. Rd5 b6 33. Kf1 a5 34. Rd3 Bc5 35. Bc6 f2 36. Bb5 Rf5 37. a4 Re5 38. Rd1 Re4 39. Rd8+ Kg7 40. Re8 Rg4 41. Re5 Kf6 42. Bd7 Kxe5 43. Bxg4 Ke4 44. b4 Ke5 45. Ke2 1/2-1/2

[Event "WJCC U20 Open 2019"]
[Site "New Delhi"]
[Date "2019.10.17"]
[Round "3.27"]
[White "Bronstein, Or"]
[Black "Zlatin, Alexander"]
[Result "1/2-1/2"]
[ECO "D11"]
[WhiteElo "2413"]
[BlackElo "2263"]
[Annotator "ChessBase"]
[PlyCount "79"]
[EventDate "2019.10.15"]
[EventType "swiss"]
[EventCountry "IND"]
[SourceTitle "playchess.com"]
[Source "ChessBase"]
[SourceQuality "1"]
[TimeControl "40/5400+30:1800+30"]

1. d4 d5 2. c4 c6 3. Nf3 Nf6 4. e3 e6 5. b3 Ne4 6. Bd3 Nd7 7. O-O Bd6 8. Ba3 Bxa3 9. Nxa3 O-O 10. b4 Qe7 11. Qb3 dxc4 12. Nxc4 Nd6 13. Nxd6 Qxd6 14. Rfd1 Qe7 15. Qc3 Re8 16. Bc2 Nf6 17. a3 a5 18. e4 Rd8 19. h3 h6 20. Ne5 Qc7 21. Nc4 axb4 22. axb4 Rxa1 23. Rxa1 Nd5 24. Qe1 Nb6 25. Qc3 Nd5 26. Qb2 Nf4 27. Re1 Qe7 28. g3 Nxh3+ 29. Kg2 e5 30. Nxe5 Qg5 31. Bb3 Be6 32. Bxe6 Nf4+ 33. Kg1 Nxe6 34. Rd1 h5 35. Rd3 h4 36. d5 cxd5 37. exd5 Nf4 38. Qd2 Qxe5 39. Qxf4 Rxd5 40. Rxd5 1/2-1/2

[Event "WJCC U20 Open 2019"]
[Site "New Delhi"]
[Date "2019.10.17"]
[Round "3.31"]
[White "Vatsal Singhania"]
[Black "Percivaldi, Martin"]
[Result "0-1"]
[ECO "C50"]
[WhiteElo "2157"]
[BlackElo "2391"]
[Annotator "ChessBase"]
[PlyCount "56"]
[EventDate "2019.10.15"]
[EventType "swiss"]
[EventCountry "IND"]
[SourceTitle "playchess.com"]
[Source "ChessBase"]
[SourceQuality "1"]
[TimeControl "40/5400+30:1800+30"]

1. e4 e5 2. Nf3 Nc6 3. Bc4 Bc5 4. O-O Nf6 5. d3 d6 6. c3 a6 7. a4 Ba7 8. Nbd2 O-O 9. Re1 Ng4 10. Re2 Kh8 11. h3 f5 12. exf5 Nxf2 13. Rxf2 Bxf2+ 14. Kxf2 Bxf5 15. Qe2 d5 16. Bb3 Qd6 17. Kg1 Rae8 18. Nh4 Ne7 19. a5 h6 20. Nxf5 Nxf5 21. Nf1 e4 22. d4 Re6 23. Be3 Rg6 24. Bf2 c6 25. c4 Rg5 26. cxd5 cxd5 27. Rc1 Qb4 28. Bxd5 Nxd4 0-1

[Event "WJCC U20 Open 2019"]
[Site "New Delhi"]
[Date "2019.10.17"]
[Round "3.34"]
[White "Raja Rithvik R"]
[Black "Mohd Saprin, Amir Ghaazi"]
[Result "1-0"]
[ECO "A35"]
[WhiteElo "2369"]
[BlackElo "1942"]
[Annotator "ChessBase"]
[PlyCount "81"]
[EventDate "2019.10.15"]
[EventType "swiss"]
[EventCountry "IND"]
[SourceTitle "playchess.com"]
[Source "ChessBase"]
[SourceQuality "1"]
[TimeControl "40/5400+30:1800+30"]

1. Nf3 Nf6 2. c4 c5 3. Nc3 Nc6 4. d4 cxd4 5. Nxd4 g6 6. g3 Bg7 7. Bg2 O-O 8. O-O Nxd4 9. Qxd4 d6 10. Qd3 Be6 11. Bd2 Rb8 12. Rac1 a6 13. b3 Qd7 14. a4 Bh3 15. Rfd1 Bxg2 16. Kxg2 Qc6+ 17. f3 Nd7 18. Nd5 Rfe8 19. Bg5 Bf8 20. a5 e6 21. Nf6+ Nxf6 22. Bxf6 e5 23. Qd5 h6 24. g4 Qxd5 25. Rxd5 b6 26. Bh4 bxa5 27. Rc3 Rb4 28. Rxa5 Reb8 29. Ra3 R4b7 30. Rd3 Ra8 31. Bf2 a5 32. Be1 Rba7 33. Ra4 Kg7 34. Rd5 Rb7 35. b4 Rc7 36. bxa5 Rac8 37. a6 Rxc4 38. Rxc4 Rxc4 39. a7 Rc8 40. Rb5 Ra8 41. Bf2 1-0

[Event "WJCC U20 Open 2019"]
[Site "New Delhi"]
[Date "2019.10.17"]
[Round "3.39"]
[White "Neelash Saha"]
[Black "Hamad Essam"]
[Result "1-0"]
[ECO "A45"]
[WhiteElo "2334"]
[BlackElo "1849"]
[Annotator "ChessBase"]
[PlyCount "56"]
[EventDate "2019.10.15"]
[EventType "swiss"]
[EventCountry "IND"]
[SourceTitle "playchess.com"]
[Source "ChessBase"]
[SourceQuality "1"]
[TimeControl "40/5400+30:1800+30"]

1. d4 Nf6 2. Bg5 c5 3. d5 Qb6 4. Nc3 d6 5. e4 g6 6. Qc1 Bg7 7. Nf3 O-O 8. Nd2 e6 9. Nc4 Qd8 10. Be2 h6 11. Bxh6 b5 12. Bxg7 Kxg7 13. Nxb5 Nxe4 14. Ne3 a6 15. Nc3 Nxc3 16. bxc3 e5 17. Nc4 Ra7 18. h4 Rh8 19. h5 gxh5 20. Qe3 h4 21. f4 exf4 22. Qxf4 Rh6 23. O-O-O Qe7 24. Rde1 Qf6 25. Qxf6+ Rxf6 26. Bf3 h3 27. Re2 Rc7 28. Nb6 Bf5 1-0

[Event "WJCC U20 Open 2019"]
[Site "New Delhi"]
[Date "2019.10.17"]
[Round "3.40"]
[White "Nitish Belurkar"]
[Black "Swarnavo Choudhury"]
[Result "1-0"]
[ECO "B48"]
[WhiteElo "2311"]
[BlackElo "1797"]
[Annotator "ChessBase"]
[PlyCount "103"]
[EventDate "2019.10.15"]
[EventType "swiss"]
[EventCountry "IND"]
[SourceTitle "playchess.com"]
[Source "ChessBase"]
[SourceQuality "1"]
[TimeControl "40/5400+30:1800+30"]

1. e4 c5 2. Nf3 e6 3. d4 cxd4 4. Nxd4 Nc6 5. Nc3 Qc7 6. Be3 a6 7. Qf3 Nf6 8. O-O-O Ne5 9. Qg3 b5 10. a3 Bb7 11. Bxb5 axb5 12. Ndxb5 Qb8 13. Bb6 Nc4 14. Nc7+ Ke7 15. Nxa8 Qxg3 16. hxg3 Bxa8 17. Bc5+ Kd8 18. Bxf8 Rxf8 19. b3 Nb6 20. f3 e5 21. Nb5 Bc6 22. Nd6 Kc7 23. g4 h6 24. a4 Ne8 25. Nf5 d6 26. c4 Nd7 27. a5 g6 28. Ne3 Nc5 29. Kb2 Nf6 30. b4 Ne6 31. Rxh6 Nd4 32. Rd2 Rb8 33. Ka3 Ra8 34. Rh1 Bd7 35. Rc1 Bc6 36. Nc2 Ne6 37. Na1 Nd4 38. Nb3 Nxb3 39. Kxb3 Bb7 40. Rcd1 Ne8 41. Rc1 Bc6 42. b5 Rb8 43. Kb4 Nf6 44. Rcd1 Ne8 45. g5 Bd7 46. a6 Kb6 47. Rxd6+ Nxd6 48. Rxd6+ Kc7 49. a7 Ra8 50. b6+ Kc8 51. Rxd7 Kxd7 52. b7 1-0

[Event "WJCC U20 Open 2019"]
[Site "New Delhi"]
[Date "2019.10.17"]
[Round "3.41"]
[White "Lama, Milan"]
[Black "Vykouk, Jan"]
[Result "0-1"]
[ECO "B07"]
[WhiteElo "1976"]
[BlackElo "2468"]
[Annotator "ChessBase"]
[PlyCount "74"]
[EventDate "2019.10.15"]
[EventType "swiss"]
[EventCountry "IND"]
[SourceTitle "playchess.com"]
[Source "ChessBase"]
[SourceQuality "1"]
[TimeControl "40/5400+30:1800+30"]

1. e4 d6 2. d4 Nf6 3. Nc3 Nbd7 4. Nf3 e5 5. Be2 Be7 6. O-O O-O 7. h3 c6 8. Be3 b5 9. a4 b4 10. Na2 a5 11. c3 c5 12. Bb5 Bb7 13. dxe5 Nxe4 14. exd6 Bxd6 15. cxb4 cxb4 16. Qe2 Ne5 17. Nxe5 Bxe5 18. Nc1 Qf6 19. Nd3 Bd6 20. Rfd1 Rac8 21. Rac1 Bb8 22. Ne1 Rxc1 23. Bxc1 Ng5 24. Qg4 Ne6 25. Nf3 Rd8 26. Re1 h6 27. Qh4 Qxh4 28. Nxh4 Nd4 29. Bd2 Nxb5 30. axb5 a4 31. Nf3 a3 32. bxa3 bxa3 33. Ra1 a2 34. Kf1 Bd5 35. b6 f6 36. Ke2 Bc4+ 37. Ke1 Bd6 0-1